 Dungeon Crawl Stone Soup version 0.21-a0-135-g8dc100c (webtiles) character file.

43 redmask the Cudgeler (level 3, 0/29 HPs)
             Began as a Human Chaos Knight on July 17, 2017.
             Slain by an adder (2 damage)
             ... on level 3 of the Dungeon.
             The game lasted 00:03:11 (937 turns).

redmask the Cudgeler (Human Chaos Knight)            Turns: 937, Time: 00:03:12

Health: 0/29       AC:  8    Str:  9 (12) XL:     3   Next: 82%
Magic:  3/3        EV: 11    Int:  9 (12) God:    Xom [......]
Gold:   65         SH:  0    Dex: 11 (13) Spells: 2/2 levels left

rFire    . . .     SeeInvis .   a - +1 mace (chaos)
rCold    . . .     Gourm    .   (no shield)
rNeg     . . .     Faith    .   b - +2 leather armour
rPois    .         Spirit   .   i - +1 helmet
rElec    .         Reflect  .   (no cloak)
rCorr    .         Harm     .   (no gloves)
MR       .....                  m - +0 pair of boots
Stlth    +.........             (no amulet)
HPRegen  0.09/turn              (no ring)
MPRegen  0.08/turn              (no ring)

@: lethally poisoned (0 -> -13), about to teleport
A: no striking features
a: Renounce Religion


You were on level 3 of the Dungeon.
You worshipped Xom.
You were a very special plaything of Xom.
You were not hungry.

You visited 1 branch of the dungeon, and saw 3 of its levels.

You collected 65 gold pieces.

Inventory:

Hand Weapons
 a - a +1 mace of chaos (weapon)
Missiles
 j - 18 stones (quivered)
Armour
 b - a +2 leather armour (worn)
 h - a -1 helmet
 i - a +1 helmet (worn)
 m - a +0 pair of boots (worn)
Jewellery
 l - a +3 amulet of reflection {unknown}
Scrolls
 d - a scroll of remove curse
Comestibles
 c - 2 bread rations
 f - 3 chunks of flesh


   Skills:
 - Level 3.0 Fighting
 + Level 4.4 Maces & Flails
 - Level 2.0 Armour
 - Level 1.0 Dodging


You had 2 spell levels left.
You didn't know any spells.

Dungeon Overview and Level Annotations

Branches:
Dungeon (2/15)

Altars:
Elyvilon


Message History

You aren't carrying any potions.
Unknown command.
As you read the scroll of teleportation, it crumbles to dust.
You feel strangely unstable.
* * * LOW HITPOINT WARNING * * *
You feel sick. "See what I see, my child!"
You detect no further creatures.
You are now a very special plaything of Xom.
The adder misses you. The adder bites you but does no damage.
The adder closely misses you. The adder bites you.
* * * LOW HITPOINT WARNING * * *
Unknown command.
Unknown command.
You hit the adder.
The adder is heavily wounded.
* * * LOW HITPOINT WARNING * * *
You feel sick. The adder barely misses you. The adder bites you.
You die...
Xom cackles wildly!

#.,.., * ,
#..#. * ,*
#.g#. ,r, ,
* * * ... ,
,g** *,
#.## o* g ,
#.o#* ***g
* #.#'###,+
,
.l##$)S+#**
* #.
#...S@#, *g
g #
#$..S.#,,g
g * #..)..#
,, *
##...## * *
* ,,#####S,
* S,, ,* *,
* * *S


You could see 3 adders.

Vanquished Creatures
  An adder (D:2)
  A worm (D:2)
  2 dart slugs
  A leopard gecko (D:1)
  A bat (D:2)
  A giant cockroach (D:2)
  2 goblins
  7 hobgoblins
  3 jackals (D:1)
  3 kobolds
  A frilled lizard (D:1)
23 creatures vanquished.

Vanquished Creatures (others)
  A kobold (D:2)
1 creature vanquished.

Grand Total: 24 creatures vanquished

Notes
Turn   | Place    | Note
-------+----------+-------------------------------------------
     0 | D:1      | redmask the Human Chaos Knight began the quest for the Orb.
     0 | D:1      | Reached XP level 1. HP: 18/18 MP: 1/1
   263 | D:1      | Reached XP level 2. HP: 23/24 MP: 2/2
   611 | D:2      | Reached skill level 4 in Maces & Flails
   611 | D:2      | Reached XP level 3. HP: 27/29 MP: 3/3
   714 | D:2      | Found a white marble altar of Elyvilon.
   888 | D:2      | XOM: mild Ice miscast
   911 | D:2      | You fall through a shaft!
   919 | D:3      | XOM: divination: magic mapping
   920 | D:3      | XOM: divination: detect creatures
   936 | D:3      | XOM: divination: detect creatures
   937 | D:3      | Slain by an adder

Vault maps used:
D:1:      minmay_arrival_stone_box
D:2:      elyvilon_altar_4, nicolae_overflow_hidden_temple,
          gammafunk_temple_overflow_claw, uniq_robin
D:3:      minmay_joined_circles

Skill      XL: |  1  2 |
---------------+-------+-----
Maces & Flails | 4 |  4.4
Fighting       | |  3.0
Armour         | |  2.0
Dodging        | |  1.0

Action                   || total
-------------------------++-------
Melee: Mace              ||    75
  Use: Scroll            ||     5
       Potion            ||     2
 Stab: Petrifying        ||     1
       Petrified         ||     1
       Paralysed         ||     2
Armor: Leather armour    ||    68
Dodge: Dodged            ||    73
